 Dungeon Crawl Stone Soup version 0.30-b1-2-g02819fbbbe (webtiles) character file.

Game seed: 17302754035846824944

231 Borgoz the Cudgeller (level 6, -4/39 HPs)
             Began as a Gargoyle Berserker on June 18, 2023.
             Was a Believer of Trog.
             Slain by a gnoll
             ... wielding a +0 halberd
              (8 damage)
             ... on level 4 of the Dungeon.
             The game lasted 00:04:05 (2505 turns).

Borgoz the Cudgeller (Gargoyle Berserker)           Turns: 2505, Time: 00:04:06

Health: -4/39      AC: 10    Str: 21    XL:     6   Next: 4%
Magic:  6/6        EV: 11    Int:  7    God:    Trog [**....]
Gold:   217        SH:  5    Dex: 11    Spells: 5/5 levels left

rFire   + . .        b - +1 whip (vamp)
rCold   . . .        (no shield)
rNeg    + . .        i - +0 ring mail
rPois   ∞            (no helmet)
rElec   +            (no cloak)
rCorr   .            (no gloves)
SInv    .            (no boots)
Will    .....        j - amulet of reflection
Stlth   +            o - ring of protection from fire
HPRegen 0.26/turn    (no ring)
MPRegen 0.10/turn

%: reflection
@: on berserk cooldown, slowed, very slow
A: sickness immunity, AC +4, negative energy resistance 1, electricity
resistance, torment resistance 1, petrification resistance
a: Renounce Religion, Berserk, Trog's Hand


You were on level 4 of the Dungeon.
You worshipped Trog.
Trog was pleased with you.
You visited 1 branch of the dungeon, and saw 4 of its levels.

You collected 217 gold pieces.

Inventory:

Hand Weapons
 a - a +0 mace
 b - a +1 vampiric whip (weapon)
Missiles
 q - 4 javelins (quivered)
Armour
 i - a +0 ring mail (worn)
Jewellery
 c - an amulet of the acrobat
 j - an amulet of reflection (around neck)
 o - a ring of protection from fire (left hand)
Potions
 d - 2 potions of magic {unknown}
 e - 2 potions of cancellation {unknown}
 g - a potion of curing {unknown}
 h - 2 potions of might
 l - 2 potions of brilliance {unknown}
 m - a potion of invisibility {unknown}
 p - 2 potions of haste {unknown}
 r - a potion of resistance {unknown}
 s - a potion of flight {unknown}


   Skills:
 + Level 4.3 Fighting
 * Level 4.6 Maces & Flails
 + Level 3.5 Armour
 + Level 2.6 Dodging


You had 5 spell levels left.
You didn't know any spells.
Your spell library was empty.

Dungeon Overview and Level Annotations

Branches:
Dungeon (4/15)
 Temple: D:4-7

Altars:
The Shining One

Shops:
D:1 (


Innate Abilities, Weirdness & Mutations

You are immune to sickness and miasma.
Your stone body is resilient. (AC +4)
You are immune to poison.
You resist negative energy. (rN+)
You are resistant to electric shocks. (rElec)
You are resistant to unholy torment.
You are immune to petrification.


Message History

The gnoll hits you but does no damage. You block the gnoll's attack.
You hit the gnoll.
You feel better.
The gnoll is moderately wounded.
The gnoll hits you from afar with a +0 halberd.
The gnoll hits you but does no damage.
You barely miss the gnoll.
The gnoll is moderately wounded.
The gnoll hits you from afar with a +0 halberd!
The gnoll hits you but does no damage. You block the gnoll's attack.
The gnoll hits you with a +0 club. The gnoll barely misses you.
The gnoll hits you but does no damage.
You are too injured to fight recklessly!
You are too injured to fight recklessly!
You are too injured to fight recklessly!
You are too injured to fight recklessly!
You are too injured to fight recklessly!
You are too injured to fight recklessly!
You are too injured to fight recklessly!
Your skin crawls.
You feel strong-willed. The gnoll hits you with a +0 club.
The gnoll closely misses you.
The gnoll hits you from afar with a +0 spear.
* * * LOW HITPOINT WARNING * * *
You hit the gnoll.
You feel better.
The gnoll is heavily wounded.
You feel the effects of Trog's Hand fading.
The gnoll closely misses you. x2
The gnoll hits you from afar with a +0 spear!
* * * LOW HITPOINT WARNING * * *
You're still recovering from your berserk rage.
Okay, then.
You aren't carrying any scrolls.
You block the gnoll's attack. The gnoll closely misses you. x2
The gnoll hits you from afar with a +0 spear.
* * * LOW HITPOINT WARNING * * *
The gnoll hits you but does no damage. The gnoll closely misses you.
The gnoll attacks as you move away! You block the gnoll's attack.
Your skin stops crawling.
You feel less strong-willed.
The gnoll hits you from afar with a +0 halberd!
You die...

... .. . .# ...
######.######
...####..##........
..........#........
.......†.<)##.##...
..........## #
..###...@##
......g..#
#....gg.# #......g#
#.......# #.......#
#.....##.. #.....
#..# ###... #...


You could see 4 gnolls.

Vanquished Creatures
  Edmund (D:4)
  A crimson imp (D:3)
  An iguana (D:3)
  An adder (D:2)
  3 worms
  An orc (D:4)
  2 ball pythons
  2 bats (D:3)
  2 endoplasms
  A giant cockroach (D:4)
  3 goblins
  2 hobgoblins
  7 kobolds
  2 quokkas
  2 frilled lizards (D:2)
  A goblin skeleton (D:3)
  2 goblin zombies (D:3)
  A hobgoblin zombie (D:3)
  A kobold skeleton (D:3)
  3 orc skeletons (D:3)
  5 rats
44 creatures vanquished.

Notes
Turn   | Place    | Note
-------+----------+-------------------------------------------
     0 | D:1      | Borgoz the Gargoyle Berserker began the quest for the Orb.
     0 | D:1      | Reached XP level 1. HP: 14/14 MP: 1/1
    11 | D:1      | Found Qagroddy's Weapon Shoppe.
   882 | D:2      | Reached XP level 2. HP: 17/19 MP: 2/2
  1228 | D:2      | Reached XP level 3. HP: 19/23 MP: 3/3
  1704 | D:3      | Reached XP level 4. HP: 25/29 MP: 4/4
  2111 | D:3      | Reached ** piety under Trog
  2125 | D:3      | Found a glowing golden altar of the Shining One.
  2452 | D:4      | Noticed Edmund
  2464 | D:4      | HP: 1/29 [Edmund/+2 heavy flail (8)]
  2474 | D:4      | Killed Edmund
  2475 | D:4      | Reached XP level 5. HP: 19/33 MP: 5/5
  2475 | D:4      | Reached XP level 6. HP: 22/38 MP: 6/6
  2505 | D:4      | Slain by a gnoll

Illustrated notes

Levels and vault maps discovered:
D:1:      noname_arrival_rooms_in_the_neighbourhood, layout_basic, serial_shops,
          nicolae_shop_waterfront
D:2:      wad_lake_hut, layout_rooms
D:3:      layout_basic, nicolae_tso_besieged_by_evil
D:4:      layout_cave_pools, trog_hazing_becter, gammafunk_ghost_necromancy,
          minmay_manual_mares, uniq_natasha, uniq_edmund

Skill      XL: |  1  2  3  4 |
---------------+-------------+-----
Dodging        | 2 |  2.6
Armour         | 3 |  3.5
Fighting       | 4 |  4.3
Maces & Flails | 4 |  4.6

Action                     |  1- 3 |  4- 6 || total
---------------------------+-------+-------++-------
  Melee: Mace              |    91 |   114 ||   205
         Whip              |       |    20 ||    20
         Punch             |       |     1 ||     1
 Invoke: Berserk           |     1 |     2 ||     3
         Trog's Hand       |       |     2 ||     2
    Use: Scroll            |     1 |     5 ||     6
 Armour: Ring mail         |    22 |    45 ||    67
         Animal skin       |     3 |       ||     3
  Dodge: Dodged            |    51 |    51 ||   102
  Block: Other             |     5 |    34 ||    39
